 Dungeon Crawl Stone Soup version 0.28.0-45-g0d030f2227 (webtiles) character file.

Game seed: 10534125157116722263

58 joshe the Grave Robber (level 3, 0/19 HPs)
             Began as a Deep Elf Necromancer on Apr 24, 2022.
             Slain by Natasha (7 damage)
             ... on level 2 of the Dungeon.
             The game lasted 00:10:38 (2153 turns).

joshe the Grave Robber (Deep Elf Necromancer)       Turns: 2153, Time: 00:10:38

Health: 0/19       AC:  2    Str: 11    XL:     3   Next: 76%
Magic:  4/9        EV: 13    Int: 21    God:
Gold:   57         SH:  0    Dex: 15    Spells: 4/8 levels left

rFire   . . .      SeeInvis .   c - +0 dagger
rCold   . . .      Faith    .   (no shield)
rNeg    . . .      Spirit   .   a - +0 robe
rPois   .          Reflect  .   (no helmet)
rElec   .          Harm     .   (no cloak)
rCorr   .          Rampage  .   (no gloves)
Will    .....                   (no boots)
Stlth   ++........              (no amulet)
HPRegen 0.06/turn               b - +6 ring of strength
MPRegen 0.11/turn               (no ring)

@: no status effects
A: no striking features
a: no special abilities


You were on level 2 of the Dungeon.
You visited 1 branch of the dungeon, and saw 2 of its levels.

You collected 57 gold pieces.

Inventory:

Hand Weapons
 c - a +0 dagger (weapon)
Missiles
 i - a throwing net
Armour
 a - a +0 robe (worn)
Jewellery
 b - a +6 ring of strength (left hand)
Scrolls
 d - a scroll of amnesia {unknown}
 e - a scroll of identify {unknown}
 g - a scroll of teleportation {unknown}
 h - a scroll of silence {unknown}
Potions
 f - a potion of berserk rage {unknown}


   Skills:
 - Level 3.0 Dodging
 - Level 3.0 Stealth
 - Level 3.0 Spellcasting
 + Level 1.1 Summonings
 + Level 5.9 Necromancy


You had 4 spell levels left.
You knew the following spells:

 Your Spells              Type           Power      Damage    Failure   Level
a - Pain                  Necr           100%       1d9       1%          1
b - Animate Skeleton      Necr           56%        N/A       1%          1
c - Call Imp              Summ           8%         N/A       12%         2

Your spell library contained the following spells:

 Spells                   Type           Power      Damage    Failure   Level
 Vampiric Draining        Necr           28%        2d8       3%          3
 Animate Dead             Necr           14%        N/A       12%         4
 Magic Dart               Conj           12%        1d3       13%         1
 Mephitic Cloud           Conj/Pois/Air  3%         N/A       36%         3
 Agony                    Necr           28%        N/A       32%         5


Dungeon Overview and Level Annotations

Branches:
Dungeon (2/15)

Altars:

Annotations:
D:2 Natasha, Terence


Message History

Your magical contamination has completely faded away.
Terence shouts, "DIE!!!"
There is a stone staircase leading up here.
You climb upwards.
There is a stone staircase leading down here.
You see here a +0 dagger.
There is a stone staircase leading down here.
You climb downwards.
Level annotation: Terence
There is a stone staircase leading up here.
Found a robe.
You see here a +0 robe.
A kobold comes into view. It is wielding a +0 short sword.
The kobold writhes in agony!
You kill the kobold!
Things that are here:
a +0 short sword; 3 stones You open the door.
Found 12 bolts.
A kobold comes into view. It is wielding a +0 dagger.
There is an open door here.
The kobold barely resists.
The kobold writhes in agony!
You kill the kobold!
You see here 12 bolts.
Natasha, Servant of Life and Death comes into view.
Found 11 gold pieces.
Natasha hisses angrily.
Natasha writhes in agony.
Natasha writhes in agony.
Natasha barely resists.
Natasha claws you!
You are too injured to fight recklessly!
Unknown command.
Casting: Pain (safe; 1% risk of failure)
Confirm with . or Enter, or press ? or * to list all spells.
Aiming: Pain (safe; 1% risk of failure)
Press: ? - help, Shift-Dir - straight line, f/p - Natasha
Aim: Natasha (heavily wounded, chance to affect: 83%) Natasha writhes in agony.
Natasha claws you!
You die...

... ... ...
... #.######
#......#
##.###...)###
$......@.('.#
##.###h...#.#
#......#.#
#.######.#
... #.# ...
##.# ... #..#
... #.##
####### ###
#.#


You could see Natasha.

Vanquished Creatures
  2 adders (D:2)
  A dart slug (D:1)
  2 bats (D:2)
  8 endoplasms
  2 giant cockroaches
  4 goblins
  2 hobgoblins
  8 kobolds
  A quokka (D:1)
  2 ball pythons (D:1)
  2 frilled lizards
  2 rats (D:2)
36 creatures vanquished.

Vanquished Creatures (others)
  5 toadstools (D:1)
5 creatures vanquished.

Grand Total: 41 creatures vanquished

Notes
Turn   | Place    | Note
-------+----------+-------------------------------------------
     0 | D:1      | joshe the Deep Elf Necromancer began the quest for the Orb.
     0 | D:1      | Reached XP level 1. HP: 10/10 MP: 6/6
    35 | D:1      | Found a faded altar of an unknown god.
   182 | D:1      | Learned a level 1 spell: Animate Skeleton
   203 | D:1      | Reached skill level 5 in Necromancy
   271 | D:1      | Reached XP level 2. HP: 12/15 MP: 5/8
  1260 | D:2      | Reached XP level 3. HP: 18/19 MP: 7/9
  1578 | D:2      | Learned a level 2 spell: Call Imp
  1772 | D:2      | Noticed Terence
  1928 | D:2      | Reached skill level 1 in Summonings
  2149 | D:2      | Noticed Natasha
  2153 | D:2      | Slain by Natasha

Illustrated notes

Levels and vault maps discovered:
D:1:      ldierk_walled_garden, layout_rooms,
          dreamdust_ecumenical_altar_angels_and_demons
D:2:      layout_basic, minmay_misc_feat_columns, kennysheep_minor_cross,
          uniq_terence, uniq_natasha

Skill      XL: |  1  2  3 |
---------------+----------+-----
Necromancy     | 5 |  5.9
Stealth        | 3 |  3.0
Dodging        | 3 |  3.0
Summonings     | 1 |  1.1
Spellcasting   | |  3.0

Action                   || total
-------------------------++-------
 Cast: Pain              ||    62
Armor: Robe              ||     1
Dodge: Dodged            ||     4
